 Dungeon Crawl Stone Soup version 0.20-a0-839-gdaf5c57 (webtiles) character file.

0 Izzatso the Shield-Bearer (level 1, -2/18 HPs)
             Began as a Formicid Fighter on Mar 8, 2017.
             Slain by a worker ant (3 damage)
             ... on level 6 of the Dungeon.
             The game lasted 00:01:00 (143 turns).

Izzatso the Shield-Bearer (Formicid Fighter)         Turns: 143, Time: 00:01:00

Health: -2/18      AC:  6    Str: 20    XL:     1   Next: 11%
Magic:  1/1        EV:  7    Int:  7    God:
Gold:   0          SH:  9    Dex: 10    Spells: 0/0 levels left

rFire    . . .     SeeInvis +   a - +0 war axe
rCold    . . .     Gourm    .   b - +0 scale mail
rNeg     . . .     Faith    .   c - +0 shield
rPois    .         Spirit   .   (helmet unavailable)
rElec    .         Reflect  .   (no cloak)
rCorr    .         Harm     .   (no gloves)
MR       .....                  (no boots)
Stlth    ..........             (no amulet)
Regen    0.1/turn               (no ring)
MPRegen  0.1/turn               (no ring)

@: no status effects
A: permanent stasis, dig shafts and tunnels, four strong arms, antennae 3
a: Dig, Shaft Self


You were on level 6 of the Dungeon.
You were not hungry.

You visited 1 branch of the dungeon, and saw 6 of its levels.

Inventory:

Hand Weapons
 a - a +0 war axe (weapon)
Armour
 b - a +0 scale mail (worn)
 c - a +0 shield (worn)
Potions
 d - a potion of might
Comestibles
 f - a bread ration {@e1}


   Skills:
 + Level 3.2 Fighting
 + Level 2.0 Axes
 + Level 3.2 Armour
 + Level 3.7 Shields


You couldn't memorise any spells.
You didn't know any spells.

Dungeon Overview and Level Annotations

Branches:
Dungeon (7/15)
 Temple: D:4-7

Altars:
Fedhas
Kikubaaqudgha

Shops:
D:6 }


Innate Abilities, Weirdness & Mutations

You cannot be hasted, slowed, berserked, paralysed or teleported.
You can dig through walls and to a lower floor.
Your four strong arms can wield two-handed weapons with a shield.
You have a pair of large antennae on your head. (SInv)


Message History

You feel somewhat more hungry.
You begin to dig a shaft.
You continue digging a shaft.
A shaft appears beneath you!
You fall through a shaft!
The shaft crumbles and collapses.
Found a pair of glowing boots.
Found a stone staircase leading up.
Okay, then.
There are no items here.
Are you sure you want to shaft yourself?
You feel quite a bit more hungry.
You begin to dig a shaft.
You continue digging a shaft.
A shaft appears beneath you!
You fall through a shaft!
The shaft crumbles and collapses.
An adder comes into view.
Are you sure you want to shaft yourself?
You feel quite a bit more hungry.
You begin to dig a shaft.
You continue digging a shaft.
A shaft appears beneath you!
You fall through a shaft!
The shaft crumbles and collapses.
You hear the sound of rushing water.
There is an entrance to a sewer on this level.
Hurry and find it before the portal rusts away!
Are you sure you want to shaft yourself?
You feel quite a bit more hungry.
You begin to dig a shaft.
You continue digging a shaft.
A shaft appears beneath you!
You fall through a shaft for 2 floors!
The shaft crumbles and collapses.
A jackal skeleton comes into view.
Found Immuk's Gadget Shoppe.
Found a stone staircase leading down.
Unknown command.
You see here a silvery potion.
The jackal skeleton bites you. You block the jackal skeleton's attack.
The jackal skeleton bites you but does no damage.
Found a stone staircase leading down.
You block the jackal skeleton's attack.
The jackal skeleton bites you but does no damage.
The jackal skeleton closely misses you. You block the jackal skeleton's attack.
There is a stone staircase leading down here.
You block the jackal skeleton's attack. x2
You climb downwards.
A hound comes into view.
The hound barks!
There is a stone staircase leading up here.
You climb upwards.
The jackal skeleton bites you but does no damage.
There is a stone staircase leading down here.
The jackal skeleton barely misses you.
The jackal skeleton bites you but does no damage.
The jackal skeleton bites you but does no damage.
You block the jackal skeleton's attack. The jackal skeleton barely misses you.
You block the jackal skeleton's attack. The jackal skeleton barely misses you.
You block the jackal skeleton's attack. The jackal skeleton bites you.
You block the jackal skeleton's attack.
You hit the jackal skeleton.
The jackal skeleton bites you but does no damage.
The jackal skeleton closely misses you.
You hit the jackal skeleton. You block the jackal skeleton's attack.
You slash the jackal skeleton!
You destroy the jackal skeleton!
A worker ant comes into view.
The worker ant twitches its antennae in your direction.
The worker ant moves out of view.
Found a stone staircase leading down.
Found a blossoming altar of Fedhas.
Found an ancient bone altar of Kikubaaqudgha.
Miasma emanates from the human's flesh.
The human shouts!
The human is engulfed in dark miasma.
The human is poisoned.
The human seems to slow down.
The human is engulfed in dark miasma.
The human looks even sicker.
The human dies!
The human rises from the dead!
The worker ant barely misses you. The worker ant bites you.
You block the worker ant's attack.
You hit the worker ant but do no damage.
The worker ant closely misses you. The worker ant barely misses you.
You hit the worker ant. You block the worker ant's attack.
You closely miss the worker ant. The worker ant bites you.
You block the worker ant's attack.
You slash the worker ant! You block the worker ant's attack.
The worker ant bites you.
You closely miss the worker ant. You block the worker ant's attack.
The worker ant bites you.
* * * LOW HITPOINT WARNING * * *
You barely miss the worker ant. You block the worker ant's attack.
The worker ant closely misses you.
You barely miss the worker ant. The worker ant bites you.
* * * LOW HITPOINT WARNING * * *
Are you sure you want to shaft yourself?
You feel quite a bit more hungry. The worker ant bites you.
* * * LOW HITPOINT WARNING * * *
The worker ant bites you.
You die...

..#........
.#........
{.#........
..[......
.........
#........
#........
#@# #a# #.#
#.# #.# #.#
#.# #.#####
#.#####


You could see a worker ant.

Vanquished Creatures
  A jackal skeleton (D:6)
1 creature vanquished.

Vanquished Creatures (others)
  A human (D:6)
1 creature vanquished.

Grand Total: 2 creatures vanquished

Notes
Turn   | Place    | Note
-------+----------+-------------------------------------------
     0 | D:1      | Izzatso the Formicid Fighter began the quest for the Orb.
     0 | D:1      | Reached XP level 1. HP: 18/18 MP: 1/1
     3 | D:1      | You fall through a shaft!
     6 | D:2      | You fall through a shaft!
     9 | D:3      | You fall through a shaft!
    12 | D:4      | You fall through a shaft for 2 floors!
    12 | D:6      | Found Immuk's Gadget Shoppe.
    58 | D:7      | Noticed a hound
   103 | D:6      | Noticed a worker ant
   112 | D:6      | Found a blossoming altar of Fedhas.
   117 | D:6      | Found an ancient bone altar of Kikubaaqudgha.
   119 | D:6      | Noticed a human
   121 | D:6      | Killed a human
   141 | D:6      | HP: 2/18 [worker ant (3)]
   143 | D:6      | Slain by a worker ant

Vault maps used:
D:1:      mrwooster_arrival_statue
D:2:      first_bread
D:3:      lemuel_angel_altar, uniq_crazy_yiuf_cottage
D:4:      grunt_temple_overflow_holy_war, serial_shops, nicolae_shop_crystal,
          gup_sewer_entry_glass, st_stairs_11
D:6:      lemuel_crystal_altar, serial_shops, nicolae_shop_waterfront, shop,
          nicolae_shop_competitors_out_of_business,
          nicolae_shop_temple_entry_statues_fountains, tgw_kikubaaqudgha
D:7:      serial_shops, shop, kennysheep_generic_room_14

Action                   || total
-------------------------++-------
Melee: War axe           ||    10
 Abil: Shaft Self        ||     5
Armor: Scale mail        ||     6
Dodge: Dodged            ||     9
Block: Shield            ||    16

Vault maps used:
D:1:      mrwooster_arrival_statue
D:2:      first_bread
D:3:      lemuel_angel_altar, uniq_crazy_yiuf_cottage
D:4:      grunt_temple_overflow_holy_war, serial_shops, nicolae_shop_crystal,
          gup_sewer_entry_glass, st_stairs_11
D:6:      lemuel_crystal_altar, serial_shops, nicolae_shop_waterfront, shop,
          nicolae_shop_competitors_out_of_business,
          nicolae_shop_temple_entry_statues_fountains, tgw_kikubaaqudgha
D:7:      serial_shops, shop, kennysheep_generic_room_14

Table legend:
 A = Turns spent in this place as a percentage of turns spent in the entire game.
 B = Non-inter-level travel turns spent in this place as a percentage of non-inter-level travel turns spent in the entire game.
 C = Inter-level travel turns spent in this place as a percentage of turns spent in this place.
 D = Turns resting spent in this place as a percentage of non-inter-level travel turns spent in this place.
 E = Turns spent auto-exploring this place as a percentage of non-inter-level travel turns spent in this place.
 F = Non-inter-level travel turns spent in this place divided by the number of levels of this place that you've seen.
                   A       B       C       D       E      F
               +-------+-------+-------+-------+-------+----------------------
         Total | 100.0 | 100.0 |   0.0 |   0.0 |   0.7 |  24.2
       Dungeon | 100.0 | 100.0 |   0.0 |   0.0 |   0.7 |  24.2
               +-------+-------+-------+-------+-------+----------------------

Table legend:
 A = Kills in this place as a percentage of kills in entire the game.
 B = Kills by you in this place as a percentage of kills by you in the entire game.
 C = Kills by friends in this place as a percentage of kills by friends in the entire game.
 D = Other kills in this place as a percentage of other kills in the entire game.
 E = Experience gained in this place as a percentage of experience gained in the entire game.
 F = Experience gained in this place divided by the number of levels of this place that you have seen.
                   A       B       C       D       E      F
               +-------+-------+-------+-------+-------+----------------------
         Total | 100.0 | 100.0 |  -nan |  -nan | 100.0 |   0.2
       Dungeon | 100.0 | 100.0 |  -nan |  -nan | 100.0 |   0.2
               +-------+-------+-------+-------+-------+----------------------
